 Dungeon Crawl Stone Soup version 0.28-a0-265-g048bc9fd10 (webtiles) character file.

Game seed: 1876611791335967013

6930 Spaninq the Grappler (level 10, -4/100 HPs)
             Began as a Troll Warper on Aug 27, 2021.
             Was a Follower of Vehumet.
             Slain by Urug (22 damage)
             ... on level 10 of the Dungeon.
             The game lasted 00:26:04 (7354 turns).

Spaninq the Grappler (Troll Warper)                 Turns: 7354, Time: 00:26:05

Health: -4/100     AC: 10    Str: 27    XL:     10   Next: 80%
Magic:  13/13      EV:  9    Int: 12    God:    Vehumet [*.....]
Gold:   473        SH:  0    Dex:  9    Spells: 9/15 levels left

rFire   . . .      SeeInvis .     - Unarmed
rCold   . . .      Faith    .   (no shield)
rNeg    . . .      Spirit   .   G - +0 swamp dragon scales
rPois   +          Reflect  .   (helmet restricted)
rElec   .          Harm     .   (no cloak)
rCorr   .          Rampage  .   (gloves unavailable)
Will    .....                   (boots unavailable)
Stlth   ..........              A - amulet of regeneration
HPRegen 2.26/turn               x - +6 ring of strength
MPRegen 0.13/turn               P - +4 ring of slaying

@: hasted, very quick
A: large, unfitting armour, claws 3, regeneration 1, shaggy fur 1, tough skin 1
a: Renounce Religion


You were on level 10 of the Dungeon.
You worshipped Vehumet.
Vehumet was aware of your devotion.
You visited 2 branches of the dungeon, and saw 11 of its levels.

You collected 473 gold pieces.

Inventory:

Hand Weapons
 q - a +3 hand axe
Missiles
 c - 5 boomerangs of dispersal (quivered)
 e - 135 stones
 s - 8 boomerangs
 H - 4 throwing nets
Armour
 a - a +0 robe
 G - +0 swamp dragon scales (worn)
Jewellery
 h - a ring of resist corrosion
 o - a ring of positive energy
 t - an amulet of magic regeneration
 x - a +6 ring of strength (left claw)
 A - an amulet of regeneration (around neck)
 P - a +4 ring of slaying (right claw)
Wands
 n - a wand of flame (39)
 r - a wand of polymorph (34)
 y - a wand of acid (4)
 C - a wand of digging (5)
Scrolls
 b - a scroll of blinking
 g - a scroll of brand weapon {unknown}
 i - a scroll of fear {unknown}
 j - a scroll of amnesia {unknown}
 l - a scroll of summoning {unknown}
 p - a scroll of holy word {unknown}
 u - a scroll of fog {unknown}
 v - a scroll of immolation {unknown}
 w - 5 scrolls of identify {unknown}
 F - 2 scrolls of teleportation {unknown}
 I - 2 scrolls of enchant weapon {unknown}
 L - 2 scrolls of noise {unknown}
 M - 3 scrolls of acquirement {unknown}
 N - a scroll of magic mapping {unknown}
Potions
 d - 10 potions of curing
 f - a potion of attraction {unknown}
 k - a potion of might {unknown}
 m - a potion of invisibility {unknown}
 z - a potion of berserk rage
 B - 2 potions of flight {unknown}
 D - 2 potions of brilliance {unknown}
 E - a potion of degeneration {unknown}
 J - a potion of haste
 K - 2 potions of heal wounds {unknown}
 O - a potion of magic {unknown}


   Skills:
 + Level 6.7 Fighting
 - Level 0.8 Throwing
 + Level 3.5 Armour
 - Level 4.0 Dodging
 * Level 10.7 Unarmed Combat
 - Level 3.0 Spellcasting
 - Level 2.1 Translocations
 - Level 6.0 Earth Magic


You had 9 spell levels left.
You knew the following spells:

 Your Spells              Type           Power      Damage    Failure   Level
a - Blink                 Tloc           N/A        N/A       22%         2
b - Stone Arrow           Conj/Erth      18%        3d8       30%         3
c - Apportation           Tloc           14%        N/A       14%         1

Your spell library contained the following spells:

 Spells                   Type           Power      Damage    Failure   Level
 Foxfire                  Conj/Fire      4%         2x1d4     34%         1
 Animate Skeleton         Necr           2%         N/A       34%         1
 Corona                   Hex            1%         N/A       34%         1
 Magic Dart               Conj           4%         1d3       34%         1
 Summon Small Mammal      Summ           4%         N/A       34%         1
 Gell's Gravitas          Tloc           3%         N/A       41%         3
 Lesser Beckoning         Tloc           3%         N/A       41%         3
 Teleport Other           Tloc           7%         N/A       41%         3
 Searing Ray              Conj           2%         3d3       47%         2
 Animate Armour           Summ/Erth      18%        N/A       71%         4
 Fulminant Prism          Conj/Hex       0%         3d6       98%         4
 Bolt of Magma            Conj/Fire/Erth 3%         4d5       99%         5
 Manifold Assault         Tloc           7%         N/A       99%         5
 Blade Hands              Tmut           0%         N/A       100%        5
 Iron Shot                Conj/Erth      4%         9d2       100%        6
 Malign Gateway           Summ/Tloc      2%         N/A       100%        7
 Lehudib's Crystal Spear  Conj/Erth      4%         10d3      100%        8
 Summon Horrible Things   Summ           0%         N/A       100%        8
 Shatter                  Erth           8%         3d10*     100%        9


Dungeon Overview and Level Annotations

Branches:
Dungeon (10/15)            Temple (1/1) D:7            Lair (0/6) D:8
    Orc: D:9-12

Altars:
Ashenzari
Cheibriados
Dithmenos
Elyvilon
Fedhas
Gozag
Hepliaklqana
Kikubaaqudgha
Makhleb
Nemelex Xobeh
Okawaru
Qazlal
Ru
Trog
Uskayaw
Vehumet
Wu Jian
Xom
Yredelemnul
Zin
The Shining One

Annotations:
D:6 3 runed translucent doors, Manisian's ghost, novice DsGl; MrDNA's ghost, novice TrNe; SkeletonJelly's ghost, novice DrCK
D:10 Urug


Innate Abilities, Weirdness & Mutations

You are too large for most types of armour.
You have claws for hands.
Your natural rate of healing is unusually fast.
You are covered in fur. (AC +1)
You have tough skin. (AC +1)


Message History

Items here: )) [[ †.
The orc priest invokes the aid of Beogh against you.
Pain shoots through your body!
You mangle the orc priest!!
You kill the orc priest!
Vehumet accepts your kill.
HP restored.
Things that are here:
a +0 hand axe; a +0 leather armour
w - 5 scrolls labelled HUIDUL DEUJYRO (gained 1)
Found a runed dagger.
You see here a +0 dagger of speed.
Urug the Orcish Ballista comes into view.
She is wielding a +2 vorpal great mace.
Found a scroll labelled ZAATRY ZYAGH.
Urug shouts!
Urug throws a javelin.
The javelin pierces through you but does no damage.
Urug throws a javelin.
The javelin pierces through you!
Things that are here:
a +0 hand axe; a +0 leather armour Urug mutters, "Sometimes I wonder if they all really are harpies."
Urug throws a javelin.
The javelin barely misses you.
There is a stone staircase leading up here.
You claw Urug!
Urug is lightly wounded.
Urug screams, "Prepare for a defeathering!"
Urug hits you with a +2 vorpal great mace.
You claw Urug!
Urug is moderately wounded.
Urug hits you with a +2 vorpal great mace!!
You mangle Urug!!
Urug is severely wounded.
Urug hits you with a +2 vorpal great mace!!
You barely miss Urug.
Urug is severely wounded.
Urug hits you with a +2 vorpal great mace!!
* * * LOW HITPOINT WARNING * * *
x2 It was a potion of haste.
You feel yourself speed up.
Urug hits you with a +2 vorpal great mace!!
You die...

#.##...o.....##.#.######
#.##.###.##............#
#......#........#.#######
##.##...................#
##.##.##)########.#######
##.##.##.########.#######
##.##.##).o.............#
...##.##.########o.######
#####.##.#######@..#
...##...........<.##
......##......##..#
#.....##.####.##..####
#####................#
..........###.######.#
.##...##..###.# #.#
.##...##...##.# #.#
.....###..###.# #.#


You could see Urug.

Vanquished Creatures
  Harold (D:7)
  A boulder beetle (D:6)
  A centaur warrior (D:9)
  Pikel (D:7)
  Psyche (D:8)
  Maggie (D:7)
  Grinder (D:4)
  A shadow (D:9)
  Grum (D:8)
  Edmund (D:5)
  2 water moccasins (D:8)
  Duvessa (D:7)
  An orc warrior (D:8)
  A black bear (D:6)
  2 sky beasts
  5 ogres
  3 centaurs
  2 wolves (D:8)
  4 lemures (D:7)
  A kobold brigand (D:6)
  A bullfrog (D:8)
  4 scorpions
  Dowan (D:7)
  A wyvern zombie (D:8)
  A wyvern skeleton (D:7)
  3 wights (D:7)
  5 howler monkeys
  2 centaur zombies (D:9)
  4 hounds
  3 jellies
  5 orc priests
  A bullfrog skeleton (D:5)
  A centaur skeleton (D:7)
  2 gnoll shamans
  Ijyb (D:5)
  Natasha (thrice) (D:2)
  4 orc wizards
  A killer bee zombie (D:8)
  A hound zombie (D:4)
  A mummy (D:9)
  A hound skeleton (D:4)
  9 gnolls
  5 adders
  2 white imps
  A worm (D:3)
  22 orcs
  6 bats
  6 endoplasms
  A giant cockroach (D:1)
  7 goblins
  7 hobgoblins
  3 jackals (D:1)
  4 quokkas
  9 ball pythons
  4 frilled lizards
  14 kobolds
  A quokka skeleton (D:4)
  4 rats
183 creatures vanquished.

Vanquished Creatures (others)
  32 plants
32 creatures vanquished.

Grand Total: 215 creatures vanquished

Notes
Turn   | Place    | Note
-------+----------+-------------------------------------------
     0 | D:1      | Spaninq the Troll Warper began the quest for the Orb.
     0 | D:1      | Reached XP level 1. HP: 19/19 MP: 1/1
    55 | D:1      | Reached XP level 2. HP: 28/28 MP: 2/2
   148 | D:1      | Learned a level 2 spell: Blink
   517 | D:1      | Reached XP level 3. HP: 35/35 MP: 3/3
   664 | D:2      | Noticed Natasha
   665 | D:2      | Found a faded altar of an unknown god.
   676 | D:2      | Killed Natasha
   677 | D:2      | Reached skill level 1 in Armour
   783 | D:2      | Noticed Natasha
   794 | D:2      | Killed Natasha
   795 | D:2      | Reached skill level 3 in Unarmed Combat
   795 | D:2      | Reached XP level 4. HP: 8/44 MP: 4/4
  1007 | D:2      | Noticed Natasha
  1016 | D:2      | Killed Natasha
  1166 | D:3      | Reached XP level 5. HP: 49/50 MP: 5/5
  1382 | D:3      | Learned a level 3 spell: Stone Arrow
  1651 | D:3      | Learned a level 1 spell: Apportation
  1772 | D:4      | Reached skill level 4 in Unarmed Combat
  1819 | D:4      | Noticed an ogre
  1826 | D:4      | Killed an ogre
  1827 | D:4      | Reached skill level 1 in Earth Magic
  1827 | D:4      | Reached XP level 6. HP: 50/61 MP: 6/6
  2068 | D:4      | Found a bloodstained altar of Trog.
  2170 | D:4      | Noticed Grinder
  2206 | D:4      | Killed Grinder
  2207 | D:4      | Reached skill level 5 in Unarmed Combat
  2207 | D:4      | Reached XP level 7. HP: 58/68 MP: 7/7
  2501 | D:5      | Entered Level 5 of the Dungeon
  2516 | D:5      | Reached skill level 6 in Unarmed Combat
  2662 | D:5      | Noticed Edmund
  2673 | D:5      | Killed Edmund
  2723 | D:5      | Reached XP level 8. HP: 65/79 MP: 7/9
  2890 | D:5      | Reached skill level 7 in Unarmed Combat
  3098 | D:5      | Noticed Ijyb
  3111 | D:5      | Killed Ijyb
  3522 | D:6      | Found a burning altar of Makhleb.
  3716 | D:6      | Found a radiant altar of Vehumet.
  3726 | D:6      | Became a worshipper of Vehumet
  3873 | D:6      | Reached skill level 5 in Fighting
  4133 | D:6      | Reached XP level 9. HP: 86/88 MP: 11/11
  4234 | D:6      | Noticed a boulder beetle
  4297 | D:6      | Killed a boulder beetle
  4298 | D:6      | Reached skill level 8 in Unarmed Combat
  4353 | D:6      | Found a runed translucent gate.
  4353 | D:6      | Found a runed translucent gate.
  4354 | D:6      | Found a runed translucent gate.
  4358 | D:6      | Noticed MrDNA's ghost (novice TrNe)
  4358 | D:6      | Noticed Manisian's ghost (novice DsGl)
  4358 | D:6      | Noticed SkeletonJelly's ghost (novice DrCK)
  4823 | D:7      | Noticed Maggie
  4826 | D:7      | Noticed Harold
  4936 | D:7      | Noticed Dowan
  4937 | D:7      | Noticed Duvessa
  4944 | D:7      | Killed Duvessa
  4945 | D:7      | Reached skill level 9 in Unarmed Combat
  4945 | D:7      | Reached skill level 5 in Earth Magic
  4946 | D:7      | Killed Dowan
  4946 | D:7      | Reached * piety under Vehumet
  4946 | D:7      | Offered knowledge of Foxfire by Vehumet.
  4986 | D:7      | Found a broken altar of Ashenzari.
  5123 | D:7      | Noticed Pikel
  5133 | D:7      | Killed Pikel
  5165 | D:7      | Found a staircase to the Ecumenical Temple.
  5175 | Temple   | Entered the Ecumenical Temple
  5357 | D:7      | Killed Maggie
  5474 | D:7      | Killed Harold
  5475 | D:7      | Reached XP level 10. HP: 61/98 MP: 12/12
  5660 | D:8      | Noticed Psyche
  5667 | D:8      | Killed Psyche
  5694 | D:8      | Found a sacrificial altar of Ru.
  5714 | D:8      | Noticed Grum
  5723 | D:8      | Reached skill level 10 in Unarmed Combat
  5728 | D:8      | Killed Grum
  5979 | D:8      | Found an ornate altar of the Wu Jian Council.
  6171 | D:8      | Found a staircase to the Lair.
  6548 | D:9      | Found a hide-covered altar of Uskayaw.
  6855 | D:9      | Found a snail-covered altar of Cheibriados.
  6946 | D:9      | Noticed a centaur warrior
  6958 | D:9      | Killed a centaur warrior
  7121 | D:10     | Entered Level 10 of the Dungeon
  7319 | D:10     | Noticed Urug
  7354 | D:10     | Slain by Urug

Illustrated notes

Levels and vault maps discovered:
D:1:      dpeg_arrival_tiny_i, layout_rooms, minmay_misc_feat_tower
D:2:      layout_rooms, chequers_ecumenical_altar_island, uniq_natasha
D:3:      layout_basic
D:4:      layout_basic, trog_antimagical, uniq_grinder
D:5:      layout_basic, serial_bayou_crossing, uniq_ijyb, uniq_edmund
D:6:      layout_layer_cave, fiery_altar_vehumet, bloody_makhleb,
          gammafunk_ghost_cemetery
D:7:      layout_cave_pools, mainiacjoe_overflow_cross_hatched, temple_hall,
          uniq_harold, uniq_pikel, uniq_duvessa, uniq_maggie
D:8:      layout_basic, mainiacjoe_overflow_catch_the_wave, lair_entry_dummy,
          uniq_psyche, uniq_grum
D:9:      layout_roguey, chei_slow_surprise, mainiacjoe_overflow_24_doors
D:10:     layout_basic, lemuel_crystal_altar, uniq_urug
Temple:   dshaligram_water_room_temple

Skill      XL: |  1  2  3  4  5  6  7  8  9 10 |
---------------+-------------------------------+-----
Dodging        | 2 4 |  4.0
Fighting       | 2 3 4 5 6 |  6.7
Armour         | 1 2 3 |  3.5
Unarmed Combat | 3 4 5 6 7 9 10 | 10.7
Earth Magic    | 1 2 3 4 5 6 |  6.0
Spellcasting   | 2 3 |  3.0
Throwing       | |  0.8
Translocations | |  2.1

Action                   |  1- 3 |  4- 6 |  7- 9 | 10-12 || total
-------------------------+-------+-------+-------+-------++-------
Melee: Unarmed           |   123 |   157 |   221 |   112 ||   613
       Punch             |     1 |     1 |    14 |     5 ||    21
 Cast: Blink             |       |       |     3 |       ||     3
       Apportation       |       |       |     1 |       ||     1
Evoke: Wand              |       |       |     1 |       ||     1
  Use: Potion            |       |       |       |     2 ||     2
Armor: Robe              |    50 |    28 |    33 |       ||   111
       Swamp dragon scal |       |       |     1 |    41 ||    42
Dodge: Dodged            |    58 |    91 |    70 |    34 ||   253

Table legend: (Time is in decaauts)
 A = Elapsed time spent in this place.
 B = Non-inter-level travel time spent in this place.
 C = Inter-level travel time spent in this place.
 D = Time resting spent in this place.
 E = Time spent auto-exploring this place.
 F = Levels seen in this place.
 G = Mean time per level.
                   A        B        C        D        E       F      G
               +--------+--------+--------+--------+--------+-----+--------+
         Total |   7320 |   7010 |    310 |    181 |   4891 |  11 |  665.5 |
       Dungeon |   7229 |   6938 |    291 |    181 |   4831 |  10 |  722.9 |
        Temple |     90 |     71 |     19 |      0 |     60 |   1 |   90.0 |
               +--------+--------+--------+--------+--------+-----+--------+

Top non-repeatable levels by time:
     D:6: 1301 daAuts
     D:5: 1019 daAuts
     D:4: 789 daAuts
     D:8: 764 daAuts
     D:7: 725 daAuts
     D:9: 718 daAuts
     D:2: 588 daAuts
     D:3: 565 daAuts
     D:1: 554 daAuts
    D:10: 203 daAuts
  Temple: 90 daAuts
